 Dungeon Crawl Stone Soup version 0.30-a0-949-g53dc5368d7 (console) character file.

Game seed: 7628643838315033641

577 utis the Covered (level 7, -5/41 HPs)
             Began as a Tengu Wanderer on Mar 27, 2023.
             Slain by an ogre
             ... wielding a +0 giant spiked club
              (33 damage)
             ... on level 4 of the Dungeon.
             The game lasted 00:10:43 (3773 turns).

utis the Covered (Tengu Wanderer)                   Turns: 3773, Time: 00:10:43

Health: -5/41      AC: 10    Str: 11    XL:     7   Next: 35%
Magic:  11/11      EV: 12    Int: 21    God:
Gold:   197        SH:  0    Dex: 14    Spells: 6/10 levels left

rFire   . . .      SeeInvis .    a - +2 dagger (venom)
rCold   . . .      Faith    .    u - orb {light}
rNeg    . . .      Spirit   .    d - +2 scale mail
rPois   .          Reflect  .    (helmet restricted)
rElec   .          Rampage  .    (no cloak)
rCorr   .                        x - +0 pair of gloves
Will    .....                    (boots unavailable) Stlth
                                 (no amulet)
HPRegen 0.26/turn                I - +6 ring of intelligence
MPRegen 0.12/turn                (no ring)

@: flying quickly and evasively, glowing, quick
A: beak, talons 3, nimble flight
a: no special abilities


You were on level 4 of the Dungeon.
You visited 1 branch of the dungeon, and saw 4 of its levels.

You collected 197 gold pieces.

Inventory:

Hand Weapons
 a - a +2 dagger of venom (weapon)
 h - a +0 dagger
 i - a +2 spear of pain
 w - a +0 short sword of electrocution
Missiles
 c - 10 poisoned darts
 e - 2 curare-tipped darts {=f}
 p - 2 boomerangs
 t - 37 stones (quivered)
Armour
 d - a +2 scale mail (worn)
 u - an orb of light (worn)
 x - a +0 pair of gloves (worn)
Jewellery
 I - a +6 ring of intelligence (left hand)
Wands
 y - a wand of charming (5)
Scrolls
 b - a scroll of silence {!r}
 f - 4 scrolls of teleportation {@r4}
 g - a scroll of poison {unknown}
 j - a scroll of fog {unknown}
 k - a scroll of torment {unknown}
 l - a scroll of magic mapping {unknown}
 q - a scroll of noise {unknown}
 r - 2 scrolls of vulnerability {unknown}
 s - a scroll of fear {unknown}
Potions
 m - a potion of degeneration {unknown}
 n - a potion of mutation {!q}
 o - a potion of brilliance


   Skills:
 + Level 3.2 Fighting
 + Level 2.8 Short Blades
 - Level 5.4 Armour
 + Level 3.8 Dodging
 - Level 2.0 Spellcasting
 * Level 4.4 Translocations


You had 6 spell levels left.
You knew the following spells:

 Your Spells              Type           Power      Damage    Failure   Level
a - Apportation           Tloc           40%        N/A       12%         1
o - Teleport Other        Tloc           20%        N/A       34%         3

Your spell library contained the following spells:

 Spells                   Type           Power      Damage    Failure   Level
 Portal Projectile        Hex/Tloc       22%        N/A       65%         3
 Ignite Poison            Fire/Tmut/Pois 2%         N/A       91%         3
 Tukima's Dance           Hex            2%         N/A       91%         3
 Sticky Flame             Conj/Fire      2%         2d3       100%        4
 Blade Hands              Tmut           1%         N/A       100%        5
 Ignition                 Fire           1%         3d3       100%        8


Dungeon Overview and Level Annotations

Branches:
Dungeon (4/15)
 Temple: D:4-7

Altars:
Ashenzari
Elyvilon
Makhleb
Sif Muna
Wu Jian
Yredelemnul
Zin

Shops:
D:4 *


Innate Abilities, Weirdness & Mutations

You have a beak for a mouth.
You have claws for feet.
Your magical nature lets you fly swiftly and evasively.


Message History

You claw the orc wizard, but do no damage.
The orc wizard is heavily wounded.
The orc wizard hits you with a +2 dagger of flaming.
The orc wizard burns you.
You barely miss the orc wizard. You claw the orc wizard.
Your peck misses the orc wizard.
The orc wizard is almost dead.
You closely miss the orc wizard. You claw the orc wizard.
You kill the orc wizard!
No target in view!
You start resting.
HP restored.
p - 2 boomerangs (gained 1)
Items here: )))) [[[[.
An ogre is nearby!
An ogre is nearby!
Casting: Apportation (safe; 12% risk of failure)
Confirm with . or Enter, or press ? or * to list all spells.
The spell is quite dangerous to miscast (34% risk of failure)!
Continue anyway?
Aiming: Teleport Other (quite dangerous; 34% risk of failure)
Press: ? - help, Shift-Dir - straight line, f - ogre
Aim: an ogre, wielding a +0 giant spiked club (chance to affect: 60%)
Okay, then.
Unknown command.
Unknown command.
You start waiting.
Done waiting.
Found Mepusuptit's General Store.
The ogre misses you.
You completely miss the ogre. You hit the ogre.
The ogre is poisoned.
You claw the ogre, but do no damage. You peck the ogre, but do no damage.
The ogre is lightly wounded.
The ogre hits you with a +0 giant spiked club!
You hit the ogre.
The ogre looks as sick as possible!
The ogre is moderately wounded.
You hit the ogre. You claw the ogre.
The ogre is moderately wounded.
The ogre hits you with a +0 giant spiked club!!
Ouch! That really hurt!
You die...

░.░ ░.░░░.░..░░░ ░.░ ░.░
░..░.░ ░.░ ░.░ ░░.░.░
░░.░░░.░ ░░.░.░
░░░░░░░░...░ .░░░....░
...........░ .....░..░
░░..░░.░...░ ░░░░....░
......?..░░░ ░░.░.░
≈≈≈≈≈≈≈Q.░ ░.░.░
......O≈.░ ..░.░
≈≈≈≈≈≈.≈... ░░░░.░░░
.....≈.≈.░░.. ░....
≈≈≈≈.≈.≈.░░..░░░░░░░.░░░
≈∩.≈.≈.≈.............░
≈≈.≈.≈.≈.░..░░░░░.░░░░
...≈.≈.≈.░ ░)░ ░.░


You could see an ogre (extremely poisoned).

Vanquished Creatures
  Sigmund (D:2)
  3 kobold brigands (D:3)
  2 orc priests (D:3)
  Ijyb (D:3)
  An orc wizard (D:4)
  An adder (D:3)
  A worm (D:2)
  4 dart slugs
  7 orcs
  6 endoplasms
  2 giant cockroaches (D:1)
  9 goblins
  8 hobgoblins
  A jackal (D:1)
  5 kobolds
  2 quokkas
  8 ball pythons
  8 bats
  3 frilled lizards
  6 rats
79 creatures vanquished.

Vanquished Creatures (others)
  2 demonic plants (D:4)
2 creatures vanquished.

Grand Total: 81 creatures vanquished

Notes
Turn   | Place    | Note
-------+----------+-------------------------------------------
     0 | D:1      | utis the Tengu Wanderer began the quest for the Orb.
     0 | D:1      | utis set off with the following items: a +0 dagger, a
                  | scroll of silence {!r}, a potion of haste {@q3}, a +2 scale
                  | mail; and the following spell memorised: Apportation; and
                  | the following spells available to memorise: Teleport Other.
     0 | D:1      | Reached XP level 1. HP: 10/10 MP: 4/4
   420 | D:1      | Reached XP level 2. HP: 16/16 MP: 6/6
   744 | D:1      | Reached skill level 1 in Fighting
   862 | D:1      | Reached XP level 3. HP: 20/20 MP: 7/7
   866 | D:1      | Learned a level 3 spell: Teleport Other
  1221 | D:2      | Reached skill level 1 in Short Blades
  1585 | D:2      | Noticed Sigmund
  1658 | D:2      | Killed Sigmund
  1659 | D:2      | Reached XP level 4. HP: 3/26 MP: 8/8
  1659 | D:2      | Gained mutation: Your magical nature lets you fly swiftly
                  | and evasively. [Tengu growth]
  1659 | D:2      | Reached XP level 5. HP: 4/30 MP: 9/9
  2114 | D:2      | Found a faded altar of an unknown god.
  2294 | D:3      | Reached XP level 6. HP: 36/36 MP: 10/10
  2516 | D:3      | Found a white marble altar of Elyvilon.
  2719 | D:3      | Found a basalt altar of Yredelemnul.
  2720 | D:3      | Found a shimmering blue altar of Sif Muna.
  2722 | D:3      | Found a broken altar of Ashenzari.
  2753 | D:3      | Found an ornate altar of the Wu Jian Council.
  2827 | D:3      | Noticed Ijyb
  2855 | D:3      | Killed Ijyb
  2985 | D:3      | Found the +7 Throatcutter {drain, coup de grace}
  3022 | D:3      | Reached XP level 7. HP: 4/41 MP: 11/11
  3027 | D:3      | HP: 1/41 [kobold brigand/+0 dagger (4)]
  3355 | D:3      | Found a glowing silver altar of Zin.
  3538 | D:4      | Found a burning altar of Makhleb.
  3768 | D:4      | Found Mepusuptit's General Store.
  3773 | D:4      | Slain by an ogre

Illustrated notes

Levels and vault maps discovered:
D:1:      dpeg_arrival_brainrot, layout_basic, minmay_misc_feat_rows
D:2:      minmay_spotlight, layout_rooms, chequers_ecumenical_altar_grove,
          grunt_ministairs_15, uniq_sigmund
D:3:      layout_basic, marbit_many_paths, nzn_wu_jian_contemplation,
          grunt_temple_overflow_open, dilly_guarded_unrand_throatcut, uniq_ijyb
D:4:      layout_loops_ring, lemuel_crystal_altar, serial_demonic,
          serial_demonic_a, serial_demonic_a, serial_demonic_c,
          serial_demonic_f, nicolae_inconvenience_store, st_stairs_7,
          guppyfry_early_orc_mine

Skill      XL: |  1  2  3  4  5  6 |
---------------+-------------------+-----
Translocations | 2 3 4 |  4.4
Fighting       | 1 2 3 |  3.2
Short Blades   | 2 |  2.8
Dodging        | 2 3 |  3.8
Armour         | |  5.4
Spellcasting   | |  2.0

Action                     |  1- 3 |  4- 6 |  7- 9 || total
---------------------------+-------+-------+-------++-------
  Melee: Dagger            |    74 |    75 |    37 ||   186
         Kick              |    10 |    33 |    17 ||    60
         Peck              |     9 |    14 |     7 ||    30
  Throw: Stone             |       |     1 |       ||     1
   Cast: Apportation       |       |     1 |       ||     1
    Use: Scroll            |       |     3 |     2 ||     5
         Potion            |       |     2 |     3 ||     5
 Armour: Scale mail        |    20 |    16 |    12 ||    48
  Dodge: Dodged            |    29 |    35 |     9 ||    73

Table legend: (Time is in decaauts)
 A = Elapsed time spent in this place.
 B = Non-inter-level travel time spent in this place.
 C = Inter-level travel time spent in this place.
 D = Time resting spent in this place.
 E = Time spent auto-exploring this place.
 F = Levels seen in this place.
 G = Mean time per level.
                   A        B        C        D        E       F      G
               +--------+--------+--------+--------+--------+-----+--------+
         Total |   3625 |   3360 |    265 |    626 |   2018 |   4 |  906.2 |
       Dungeon |   3625 |   3360 |    265 |    626 |   2018 |   4 |  906.2 |
               +--------+--------+--------+--------+--------+-----+--------+

Top non-repeatable levels by time:
     D:1: 1351 daAuts
     D:3: 1135 daAuts
     D:2: 898 daAuts
     D:4: 239 daAuts
